 Dungeon Crawl Stone Soup version 0.24-a0-235-g3f03afcf10 (webtiles) character file.

Game seed: 10850492146796436517

126 Redear the Shield-Bearer (level 5, -12/37 HPs)
             Began as an Octopode Fighter on Apr 8, 2019.
             Mangled by a gnoll
             ... wielding a +0 flail
              (15 damage)
             ... on level 2 of the Dungeon.
             The game lasted 00:03:39 (1588 turns).

Redear the Shield-Bearer (Octopode Fighter)         Turns: 1588, Time: 00:03:39

Health: -12/37     AC:  1    Str: 15    XL:     5   Next: 9%
Magic:  5/5        EV: 14    Int: 11    God:
Gold:   143        SH:  0    Dex: 12    Spells: 4/4 levels left

rFire    . . .     SeeInvis .   h - +2 short sword (flame)
rCold    . . .     Gourm    .   (no shield)
rNeg     . . .     Faith    .   e - +0 hat
rPois    .         Spirit   .   (no amulet)
rElec    .         Reflect  .   (no ring)
rCorr    .         Harm     .   (no ring)
MR       .....                  (no ring)
Stlth    ++........             (no ring)
HPRegen  0.12/turn              (no ring)
MPRegen  0.09/turn              (no ring)
                                (no ring)
                                (no ring)

@: lethally poisoned (-12 -> -14), flying
A: almost no armour, stealthy swim, amphibious, 8 rings, constrict 8, camouflage
1, gelatinous body 1
a: no special abilities


You were on level 2 of the Dungeon.
You were very hungry.

You visited 1 branch of the dungeon, and saw 3 of its levels.

You collected 143 gold pieces.

Inventory:

Hand Weapons
 a - a +0 long sword
 h - a +2 short sword of flaming (weapon)
Missiles
 i - 25 stones (quivered)
 k - 16 poisoned needles
 n - 18 arrows
 p - 3 tomahawks
 q - 24 sling bullets
Armour
 b - a +0 shield
 e - a +0 hat (worn)
Jewellery
 t - an uncursed ring of positive energy {unknown}
Scrolls
 d - a scroll of blinking {unknown}
 f - a scroll of noise {unknown}
 j - 2 scrolls of remove curse {unknown}
 l - a scroll of identify {unknown}
 m - 2 scrolls of teleportation {unknown}
 o - 2 scrolls of enchant armour {unknown}
Potions
 c - a potion of might {Str+5 DMG+1d10 | @q3}
 r - a potion of lignification {unknown}
 s - a potion of heal wounds {unknown}
Comestibles
 z - 5 rations


   Skills:
 + Level 3.8 Fighting
 + Level 3.0 Long Blades
 + Level 3.8 Dodging
 + Level 3.8 Shields


You had 4 spell levels left.
You didn't know any spells.
Your spell library was empty.

Dungeon Overview and Level Annotations

Branches:
Dungeon (3/15)

Altars:


Innate Abilities, Weirdness & Mutations

You cannot wear most types of armour.
You are very stealthy in the water. (Stealth+)
You are amphibious.
You can wear up to eight rings at the same time.
You can use your tentacles to constrict eight enemies at once.
Your skin changes colour to match your surroundings (Stealth+).
Your rubbery body absorbs attacks. (AC +1, EV +1)


Message History

* * * LOW HITPOINT WARNING * * *
You feel sick.
You take 1 damage, and have 6/37 hp.
* * * LOW HITPOINT WARNING * * *
You feel sick.
You take 1 damage, and have 5/37 hp.
* * * LOW HITPOINT WARNING * * *
You feel sick.
You take 1 damage, and have 4/37 hp.
* * * LOW HITPOINT WARNING * * *
You feel sick.
You take 1 damage, and have 4/37 hp.
* * * LOW HITPOINT WARNING * * *
You feel sick.
You take 1 damage, and have 3/37 hp.
* * * LOW HITPOINT WARNING * * *
You feel sick.
You take 1 damage, and have 2/37 hp.
The gnoll hits you with a +0 flail!
You die...

####.#.#.#..#..###.##.#
#.#.#.#.........##.# ##
#.....#.....######.# .#
###.#)......#......#
####.#.........#.######
.#.#...#..#.....g.<...#
..##.##.#.#....#.#.##.#
####....#.#....#g#....##
#####.#.#.###..#@###...#
#.....#.#.# #..#.......#
#.#####.#.#
#..######).####
#.#<....#.#
#..######.....#
...######.#
#.>.......#.#.#
..........#
#.#.........#.#
...########
#.#.######..#.# ...#
#.#.#....#..#.# .))#
#.#.#.##.#..#.#


You could see 2 gnolls.

Vanquished Creatures
  6 adders (D:2)
  An ooze (D:2)
  A worm (D:2)
  2 dart slugs
  4 leopard geckos
  A giant cockroach (D:1)
  6 hobgoblins
  10 kobolds
  4 bats
  3 frilled lizards
  11 goblins
  6 rats
55 creatures vanquished.

Notes
Turn   | Place    | Note
-------+----------+-------------------------------------------
     0 | D:1      | Redear the Octopode Fighter began the quest for the Orb.
     0 | D:1      | Reached XP level 1. HP: 16/16 MP: 1/1
    92 | D:1      | Reached XP level 2. HP: 18/21 MP: 2/2
   243 | D:1      | Reached XP level 3. HP: 16/26 MP: 3/3
   920 | D:2      | Reached XP level 4. HP: 28/31 MP: 4/4
  1114 | D:2      | Reached skill level 3 in Long Blades
  1464 | D:2      | Reached XP level 5. HP: 31/37 MP: 5/5
  1581 | D:2      | HP: 3/37 [poisoned by a gnoll]
  1588 | D:2      | Mangled by a gnoll

Levels and vault maps discovered:
D:1:      psy_arrival_terrarium, layout_loops_ring, minmay_nonomino_d4
D:2:      wad_crossroads, layout_basic, minmay_distorted
D:3:      layout_loops_ring

Skill      XL: |  1  2  3  4 |
---------------+-------------+-----
Long Blades    | 3 |  3.0
Fighting       | |  3.8
Dodging        | |  3.8
Shields        | |  3.8

Action                   |  1- 3 |  4- 6 || total
-------------------------+-------+-------++-------
Melee: Long sword        |    30 |       ||    30
       Constrict         |    14 |    10 ||    24
       Tentacles         |     5 |     6 ||    11
       Short sword       |    33 |    32 ||    65
  Use: Potion            |       |     1 ||     1
 Stab: Sleeping          |     6 |     5 ||    11
  Eat: Chunk             |       |     1 ||     1
Armor: Skin              |     1 |       ||     1
Dodge: Dodged            |    25 |    21 ||    46
Block: Shield            |    23 |       ||    23
       Rpst.: Long sword |     5 |       ||     5

Table legend:
 A = Non-vault XP
 B = Vault XP
 C = Vault XP percentage of total XP
 D = Non-vault monster count
 E = Vault monster count
 F = Vault count percentage of total count
                 A         B        C        D         E       F
            +---------+---------+-------+---------+---------+-------
      Total |     145 |      35 |  19.4 |      44 |      11 |  20.0
            +---------+---------+-------+---------+---------+-------
        D:1 |      40 |      14 |  25.9 |      22 |       6 |  21.4
        D:2 |     101 |      21 |  17.2 |      20 |       5 |  20.0
        D:3 |       4 |       0 |   0.0 |       2 |       0 |   0.0
            +---------+---------+-------+---------+---------+-------
